Map: Port Aleksander LE

Players

Dabeed - Winner!

  • Race: Zerg Zerg
  • League: Diamond
  • Spawn Location: 11:00

Joebot

  • Race: Zerg Zerg
  • League: Diamond
  • Spawn Location: 5:00

VOD

Have the link to the VOD?

Description

Time

  • Played on: Feb. 23, 2019, 11:40 p.m.
  • Length: 9:22
Show
View Real Time Build Order
Export as new Build Order

Dabeed Zerg - Winner!

Build Orders: Hatch First 

Get SALT Encoding   

  12  0:01  Drone  
  13  0:13  Overlord  
  13  0:18  Drone  
  14  0:32  Drone x2  
  14  0:35  Drone  
  17  0:54  Hatchery  
  16  0:58  Drone  
  16  1:02  Drone  
  18  1:12  Extractor  
  18  1:18  Spawning Pool  
  16  1:21  Drone  
  16  1:25  Drone  
  18  1:29  Drone  
  19  1:39  Overlord  
  19  2:04  Queen  
  19  2:05  Zergling x2  
  19  2:06  Zergling x2, Queen  
  19  2:08  Zergling x2  
  26  2:12  Drone  
  27  2:18  Drone  
  28  2:23  Drone  
  28  2:24  Metabolic Boost  
  29  2:34  Drone x2  
  31  2:39  Drone  
  32  2:44  Overlord  
  32  2:50  Drone  
  33  2:58  Drone  
  34  3:01  Overlord  
  34  3:17  Hatchery  
  33  3:22  Zergling x4  
  33  3:23  Zergling x6  
  38  3:28  Zergling x6  
  38  3:29  Zergling x4  
  43  3:41  Drone x3  
  46  3:59  Drone x3  
  49  4:03  Baneling Nest  
  48  4:10  Drone x4  
  52  4:18  Evolution Chamber  
  52  4:19  Evolution Chamber  
  50  4:27  Extractor  
  49  4:36  Drone  
  49  4:37  Drone x4  
  54  4:40  Extractor  
  54  4:41  Extractor  
  52  4:45  Roach Warren  
  52  4:48  Baneling x3  
  52  4:51  Queen  
  53  4:54  Drone x5  
  58  5:00  Lair  
  58  5:24  Overlord x4  
  58  5:25  Overlord  
  58  5:27  Zerg Missile Weapons Level 1  
  58  5:28  Zerg Ground Armor Level 1  
  58  5:44  Roach x2  
  58  5:45  Roach x6  
  58  5:47  Drone x2  
  76  5:50  Drone  
  76  5:51  Drone  
  76  5:53  Drone  
  76  5:56  Drone  
  80  5:57  Drone  
  80  5:59  Drone  
  82  6:09  Glial Reconstitution  
  82  6:11  Overlord x2  
  82  6:21  Roach x2  
  82  6:22  Roach x2  
  90  6:28  Centrifical Hooks  
  90  6:30  Roach  
  91  6:48  Roach  
  91  6:49  Roach x8  
  109  7:01  Overlord  
  109  7:02  Overlord  
  109  7:14  Roach  
  109  7:15  Roach  
  94  7:37  Roach x15  
  96  7:43  Drone  
  125  7:45  Queen  
  127  7:54  Overlord x3  
  122  8:07  Roach  
  122  8:08  Roach x3  
  120  8:18  Roach x6  
  120  8:29  Roach x4  
  124  8:40  Roach  
  124  8:41  Roach x3  
Show
View Real Time Build Order
Export as new Build Order

Joebot Zerg 

Build Orders: Hatch First 

Get SALT Encoding   

  12  0:01  Drone  
  13  0:13  Overlord  
  13  0:19  Drone  
  14  0:24  Extractor  
  14  0:25  Drone  
  15  0:32  Drone  
  16  0:52  Hatchery  
  16  0:55  Drone  
  16  1:01  Extractor  
  16  1:02  Drone  
  16  1:07  Drone  
  17  1:20  Spawning Pool  
  17  1:25  Drone  
  17  1:26  Drone  
  18  1:33  Drone  
  19  1:46  Drone  
  20  2:08  Queen  
  20  2:09  Queen  
  24  2:17  Drone x4  
  24  2:20  Overlord  
  28  2:26  Metabolic Boost  
  27  2:55  Zergling x2  
  27  2:56  Zergling x10  
  33  3:23  Drone x3  
  36  3:37  Overlord x2  
  36  3:38  Overlord  
  36  3:39  Roach Warren  
  36  3:40  Evolution Chamber  
  34  3:41  Drone  
  34  3:42  Drone  
  36  3:54  Zergling x2  
  35  3:56  Overlord  
  35  4:15  Drone  
  35  4:16  Drone x9  
  45  4:25  Roach  
  45  4:26  Roach x2  
  51  4:35  Roach x2  
  55  4:39  Lair  
  55  4:43  Extractor  
  55  4:45  Drone x4, Extractor  
  57  4:57  Drone  
  57  4:58  Drone x4  
  62  5:07  Roach  
  62  5:08  Roach  
  62  5:10  Overlord x2  
  66  5:14  Zerg Missile Weapons Level 1  
  66  5:28  Queen  
  68  5:36  Drone  
  68  5:37  Drone x9  
  78  6:03  Roach  
  82  6:04  Roach, Overlord  
  82  6:08  Glial Reconstitution  
  82  6:15  Nydus Network  
  81  6:23  Roach  
  81  6:24  Overlord x2  
  83  6:26  Overlord  
  83  6:27  Overlord x3  
  83  6:49  Roach  
  83  6:50  Roach x4, Hatchery  
  83  6:54  Nydus Canal  
  92  7:06  Roach  
  92  7:07  Roach x7  
  108  7:19  Roach  
  108  7:20  Roach  
  94  7:37  Roach  
  94  7:38  Roach x6  
  108  7:47  Roach  
  108  7:48  Roach  
  112  8:03  Roach  
  112  8:04  Roach x3  
  116  8:19  Roach  
  108  8:20  Roach x3  
  108  8:27  Roach x3  
  93  8:48  Roach  
  77  8:49  Roach x6  
  83  8:56  Roach  
  83  8:57  Roach  
Tags
 
Add a new tag
Caveats
  • Supply blocks, unpowered buildings, or Contaminate may cause inaccurate times.
  • Supply counts are checked every 10 seconds.